 Dungeon Crawl Stone Soup version 0.18.1-5-g4a78601 (webtiles) character file.

331 Jerry the Shield-Bearer (level 6, 47/47 HPs)
             Began as a Formicid Fighter on May 14, 2016.
             Quit the game in the Ecumenical Temple.
             The game lasted 00:09:58 (3643 turns).

Jerry the Shield-Bearer (Formicid Fighter)          Turns: 3643, Time: 00:09:59

Health: 47/47      AC:  8    Str: 22    XL:     6   Next: 81%
Magic:  6/6        EV:  8    Int:  8    God:
Gold:   178        SH: 10    Dex: 10    Spells: 0 memorised, 5 levels left

rFire  . . .     SeeInvis +     a - +0 war axe
rCold  . . .     Gourm    .     b - +0 scale mail
rNeg   . . .     Faith    .     c - +0 shield
rPois  .         Spirit   .     (helmet unavailable)
rElec  .         Dismiss  .     o - +0 cloak
rCorr  .         Reflect  .     (no gloves)
SustAt .         Harm     .     (no boots)
MR     .....                    n - amulet of inaccuracy (curse)
Stlth  ..........               (no ring)
                                (no ring)

@: not resistant to hostile enchantments, extremely unstealthy
A: permanent stasis, dig shafts and tunnels, four strong arms, antennae 3
a: Dig, Shaft Self


You were in the Ecumenical Temple.
You were near starving.

You visited 2 branches of the dungeon, and saw 6 of its levels.

You collected 178 gold pieces.

Inventory:

Hand Weapons
 a - a +0 war axe (weapon)
Armour
 b - a +0 scale mail (worn)
 c - a +0 shield (worn)
 o - a +0 cloak (worn)
Jewellery
 m - an uncursed amulet of harm {unknown}
 n - a cursed amulet of inaccuracy (around neck)
Wands
 d - a wand of digging (5/24)
Scrolls
 g - a scroll of identify
Potions
 e - a potion of brilliance
 j - a potion of haste {unknown}
 k - a potion of cancellation
Comestibles
 f - 5 bread rations
 h - 2 beef jerkies
 i - 5 meat rations
 p - a slice of pizza


   Skills:
 - Level 3.2 Fighting
 + Level 4.2 Axes
 + Level 5.3 Armour
 + Level 5.5 Shields


You had 5 spell levels left.
You didn't know any spells.

Dungeon Overview and Level Annotations

Branches:
Dungeon (5/15)             Temple (1/1) D:4

Altars:
Elyvilon
Gozag
Kikubaaqudgha
Makhleb
Nemelex Xobeh
Okawaru
Pakellas
Ru
Sif Muna
Trog
Xom
Yredelemnul
Zin
The Shining One


Innate Abilities, Weirdness & Mutations

You are under a permanent stasis effect.
You can dig through walls and to a lower floor.
Your four strong arms can wield two-handed weapons with a shield.
You have a pair of large antennae on your head (SInv).


Message History

Moving in this stuff is going to be slow.
You are feeling very hungry.
You enter the shallow water.
Moving in this stuff is going to be slow.
You enter the shallow water.
Moving in this stuff is going to be slow.
You enter the shallow water.
Moving in this stuff is going to be slow.
Key pressed, stopping explore.
You enter the shallow water.
Moving in this stuff is going to be slow.
You enter the shallow water.
Moving in this stuff is going to be slow.
You are near starving!
You enter the shallow water.
Moving in this stuff is going to be slow.
Partly explored, can't reach some places.
Partly explored, can't reach some places.
Search for what [Enter for "."]? .
Are you sure you want to abandon this character and quit the game? (Confirm with "yes".)

#######################
≈≈≈≈≈≈≈≈≈≈≈≈≈≈≈≈≈≈≈≈≈≈≈≈
≈≈≈≈≈≈≈≈≈≈≈≈≈≈≈≈≈≈≈≈≈≈≈≈
≈≈≈≈≈≈≈≈≈≈≈≈≈≈≈≈≈≈≈≈≈≈≈≈≈≈
#≈≈≈≈≈≈≈≈≈≈≈≈≈≈≈≈≈≈≈≈≈≈≈≈≈≈
##≈≈≈≈≈≈≈≈≈≈≈≈≈≈≈≈≈≈≈≈≈≈≈≈≈≈
##≈≈≈≈≈≈≈≈≈≈≈≈≈.≈...≈.≈..≈..
##≈≈≈≈≈≈≈≈≈≈≈≈...........♣..
##≈≈≈≈≈≈≈≈≈@≈...............
###≈≈≈≈≈≈≈≈≈≈≈...............
###≈≈≈≈≈≈≈≈≈≈...PP...#######.
###≈≈≈≈≈≈≈≈........###.....##
###≈≈≈≈≈≈≈.P.....###...._....
###≈≈≈≈≈≈.......##..._....._.
###≈≈≈≈≈≈≈..P...'............
###≈≈≈≈≈≈.......'.......⌠..._
###≈≈≈≈≈≈......P'............


There were no monsters in sight!

Vanquished Creatures
  2 scorpions
  A worker ant (D:4)
  Ijyb (D:2)
  Terence (D:3)
  Natasha (thrice) (D:3)
  3 adders
  An adder skeleton (D:5)
  2 dart slugs (D:2)
  An orc (D:3)
  2 ball pythons
  4 giant cockroaches
  8 goblins
  9 hobgoblins
  2 quokkas
  3 bats
  6 giant newts
  5 kobolds
  6 rats
60 creatures vanquished.

Notes
Turn   | Place    | Note
--------------------------------------------------------------
     0 | D:1      | Jerry the Formicid Fighter began the quest for the Orb.
     0 | D:1      | Reached XP level 1. HP: 18/18 MP: 1/1
   282 | D:1      | Reached XP level 2. HP: 23/24 MP: 2/2
   984 | D:2      | Reached XP level 3. HP: 26/29 MP: 3/3
  1012 | D:2      | Found a shimmering altar of Xom.
  1014 | D:2      | Found a sparkling altar of Nemelex Xobeh.
  1177 | D:2      | Found a burning altar of Makhleb.
  1179 | D:2      | Found a glowing golden altar of the Shining One.
  1271 | D:2      | Noticed Ijyb
  1285 | D:2      | Killed Ijyb
  1285 | D:2      | Reached XP level 4. HP: 31/35 MP: 4/4
  1628 | D:3      | Noticed Terence
  1651 | D:3      | Killed Terence
  1733 | D:3      | Reached XP level 5. HP: 16/41 MP: 5/5
  1995 | D:3      | Found a deep blue altar of Sif Muna.
  2116 | D:3      | Noticed Natasha
  2129 | D:3      | Killed Natasha
  2364 | D:3      | Noticed Natasha
  2374 | D:3      | Killed Natasha
  2394 | D:3      | Noticed Natasha
  2427 | D:3      | Killed Natasha
  2427 | D:3      | Reached skill level 5 in Shields
  2427 | D:3      | Reached XP level 6. HP: 5/47 MP: 6/6
  2777 | D:3      | Found a glowing silver altar of Zin.
  2839 | D:4      | Reached skill level 5 in Armour
  2961 | D:4      | Found an oddly glowing altar of Pakellas.
  2968 | D:4      | Noticed an ogre
  2999 | D:5      | Entered Level 5 of the Dungeon
  3399 | D:4      | Found a staircase to the Ecumenical Temple.
  3415 | Temple   | Entered the Ecumenical Temple
  3643 | Temple   | Quit the game

Skill      XL: |  1  2  3  4  5  6 |
---------------+-------------------+-----
Armour         | 4 5 |  5.3
Shields        | 4 5 |  5.5
Axes           | 3 4 |  4.2
Fighting       | |  3.2

Action                   |  1- 3 |  4- 6 || total
-------------------------+-------+-------++-------
Melee: War axe           |   105 |   245 ||   350
  Use: Scroll            |       |     9 ||     9
       Potion            |       |     2 ||     2
  Eat: Chunk             |       |     8 ||     8
Armor: Scale mail        |    39 |   103 ||   142
Dodge: Dodged            |    32 |    88 ||   120
Block: Shield            |    49 |   142 ||   191
